Moose vs Wolves

Created - November 21, 2022 at 19:02

Goals
1 2 3 T
Moose 1 1 3 5
Wolves 2 0 1 3
Shots
1 2 3 T
Moose 5 21 21 47
Wolves 11 10 12 33

1st period

1. Wolves , Eric Robinson 4 (Victor Olofsson 6, Jake Evans 8) at 11:03
2. Moose , C.J. Smith 1 (Nick Merkley 1, Julien Gauthier 2) at 14:29
3. Wolves , Wade Allison 1 (Dylan Coghlan 4) at 17:47

Penalties :
No Penalty

2nd period

4. Moose , Nick Merkley 1 (C.J. Smith 1, Jake Leschyshyn 1) at 4:21

Penalties :
Anton Lindholm (Chi) for Holding (Minor) at 5:22, Jesper Boqvist (Chi) for Cross-checking (Minor) at 16:13, Thomas Spelling (Chi) for Holding Stick (Minor) at 16:57

3rd period

5. Moose , Julien Gauthier 1 (Chase De Leo 3) at 7:21
6. Moose , Nathan Walker 6 (Dylan Strome 13, Nelson Nogier 1) at 15:56
7. Wolves , Jake Evans 4 (Victor Olofsson 7, Eric Robinson 2) at 16:50 (PP)
8. Moose , Julien Gauthier 2 (Boris Katchouk 1, Roman Josi 2) at 18:38

Penalties :
Nathan Walker (Man) for Hooking (Minor) at 16:18

Goalie Stats

Filip Gustavsson (Man), 30 saves from 33 shots - (0.909), W, 3-0-0, 60:00 minutes
Ebbe Siönäs (Chi), 42 saves from 47 shots - (0.894), L, 1-4-2, 60:00 minutes

Players Stats for Moose

Player Name              G  A  P  +/- PIM S  H  SB GA TA FO     MP     PP MP  PK MP  
------------------------------------------------------------------------------------
Boris Katchouk           0  1  1   2  0   2  2  0  0  0  0/0    13:10   0:25   0:00 
C.J. Smith               1  1  2   2  0   3  2  0  0  0  1/1     8:50   0:00   0:00 
Chase De Leo             0  1  1   2  0   1  0  0  0  0  3/5    12:06   0:00   0:00 
Christian Dvorak         0  0  0  -1  0   1  0  0  0  1  0/1    16:18   1:56   0:00 
Dylan Strome             0  1  1   0  0   3  1  0  2  1  14/28  21:22   2:22   0:00 
Jake Leschyshyn          0  1  1   2  0   1  0  0  0  0  1/4     9:59   0:25   0:00 
Josh Mahura              0  0  0   0  0   1  2  1  0  0  0/0    15:19   0:00   0:00 
Julien Gauthier          2  1  3   2  0   3  0  1  0  0  0/0    12:01   0:00   0:00 
Ludwig Bystrom           0  0  0   0  0   0  4  1  0  1  0/0    19:16   2:20   0:00 
Mathieu Joseph           0  0  0  -1  0   2  2  0  2  0  0/0    16:17   1:55   0:00 
Matthew Benning          0  0  0   0  0   2  1  0  1  0  0/0    19:14   2:20   0:00 
Michael McLeod           0  0  0  -1  0   6  1  1  1  0  7/16   16:39   1:55   0:32 
Mirco Mueller            0  0  0   3  0   2  2  5  1  0  0/0    29:12   2:22   0:32 
Nathan Walker            1  0  1   0  2   6  2  0  0  2  1/1    21:29   2:22   0:00 
Nelson Nogier            0  1  1   0  0   1  1  0  0  0  0/0    11:27   0:00   0:00 
Nick Merkley             1  1  2   2  0   4  1  0  0  0  1/2     9:46   0:25   0:00 
Roman Josi               0  1  1   3  0   3  4  0  1  0  0/0    25:12   2:22   0:32 
Roope Hintz              0  0  0   0  0   6  2  0  1  0  0/3    21:50   2:21   0:32 

Players Stats for Wolves

Player Name              G  A  P  +/- PIM S  H  SB GA TA FO     MP     PP MP  PK MP  
------------------------------------------------------------------------------------
Anton Lindholm           0  0  0  -4  2   2  3  0  0  0  0/0    28:03   0:32   1:43 
Antti Suomela            0  0  0  -2  0   3  2  0  0  0  7/9    15:54   0:00   0:56 
Dylan Coghlan            0  1  1   1  0   2  2  1  0  1  0/0    19:59   0:00   2:07 
Eric Robinson            1  1  2   0  0   5  1  2  2  2  0/3    20:49   0:32   0:30 
Hayden Hodgson           0  0  0  -2  0   0  0  0  0  1  1/2    13:58   0:00   0:00 
Jake Evans               1  1  2   0  0   6  1  1  1  3  19/33  22:27   0:32   2:11 
Jalen Chatfield          0  0  0  -3  0   1  2  1  0  1  0/0    26:49   0:32   2:35 
Jesper Boqvist           0  0  0   0  2   3  1  0  1  0  3/5    12:53   0:00   0:15 
Joona Koppanen           0  0  0   0  0   0  0  0  0  0  0/0     1:21   0:00   1:00 
Kieffer Bellows          0  0  0   0  0   0  1  0  0  0  0/0    12:32   0:00   0:00 
Liam O'Brien             0  0  0  -2  0   2  3  3  0  0  1/1    17:15   0:00   0:00 
Maksim Sushko            0  0  0  -1  0   0  0  0  0  0  0/0     8:06   0:00   0:00 
Matthew Kiersted         0  0  0   1  0   0  0  4  0  0  0/0     8:56   0:00   0:52 
Parker Kelly             0  0  0  -1  0   0  2  0  0  0  0/0     8:06   0:00   0:00 
Samuel Girard            0  0  0   0  0   2  1  3  0  0  0/0    21:10   0:00   2:07 
Sasha Chmelevski         0  0  0   0  0   1  0  0  0  0  0/0     4:30   0:00   0:00 
Stelio Mattheos          0  0  0   0  0   0  0  0  0  0  0/0     0:44   0:00   0:00 
Thomas Spelling          0  0  0  -2  2   0  1  0  0  1  0/0    15:01   0:00   0:37 
Victor Olofsson          0  2  2   0  0   3  2  0  1  0  2/8    22:55   0:32   2:39 
Wade Allison             1  0  1   0  0   3  1  0  0  0  0/0    12:32   0:00   0:00 

3 Stars

1 - Julien Gauthier (Man)
2 - C.J. Smith (Man)
3 - Nick Merkley (Man)

Power Play

Moose - 0 on 3 Attempt(s) - 0.00%
Wolves - 1 on 1 Attempt(s) - 100.00%

Penalty Kill

Moose - 0 on 1 Attempt(s) - 0.00% - Score 0 goal in Penalty Kill
Wolves - 3 on 3 Attempt(s) - 100.00% - Score 0 goal in Penalty Kill

Team Stat

Moose - Hits : 27 - Faceoff Wins : 28 - Blocked Shots : 9 - Penalty Minutes : 2
Wolves - Hits : 23 - Faceoff Wins : 33 - Blocked Shots : 15 - Penalty Minutes : 6

Official

Referees : Brian Pochmara and Tim Peel
Linesman : Ryan Gibbons and Michel Cormier

Game Notes

Matthew Kiersted is injured at 19:04 of 2nd period (Broken Right Foot Toe)
18:38 of 3rd period - Moose goal is going for a video replay. After video review, Goal.

Finance

Level 1 -- Attendance: 1838 (91.90%) -- Ticket Income $64,330
Level 2 -- Attendance: 947 (94.70%) -- Ticket Income $14,205
Total Attendance: 2785 (92.83%)
Total Ticket Income: $78,535
Other Income: $3,927
Total Income: $82,462

Moose

5 vs 5 Forward 
   Center                   Left Wing                Right Wing               Time % Phy DF OF 
 1 Dylan Strome             Roope Hintz              Nathan Walker            40     1   2  2  
 2 Michael McLeod           Christian Dvorak         Mathieu Joseph           30     1   2  2  
 3 Chase De Leo             Boris Katchouk           Julien Gauthier          20     1   2  2  
 4 Jake Leschyshyn          C.J. Smith               Nick Merkley             10     1   2  2  

5 vs 5 Defense 
   Defense                  Defense                                           Time % Phy DF OF 
 1 Mirco Mueller            Roman Josi                                        40     1   2  2  
 2 Ludwig Bystrom           Matthew Benning                                   30     1   2  2  
 3 Nelson Nogier            Josh Mahura                                       20     1   2  2  
 4 Josh Mahura              Mirco Mueller                                     10     1   2  2  

PowerPlay Forward 
   Center                   Left Wing                Right Wing               Time % Phy DF OF 
 1 Dylan Strome             Roope Hintz              Nathan Walker            60     1   2  2  
 2 Michael McLeod           Christian Dvorak         Mathieu Joseph           40     1   2  2  

PowerPlay Defense
   Defense                  Defense                                           Time % Phy DF OF 
 1 Mirco Mueller            Roman Josi                                        60     1   2  2  
 2 Ludwig Bystrom           Matthew Benning                                   40     1   2  2  

Penalty Kill 4 Players Forward 
   Center                   Wing                     Time % Phy DF OF 
 1 Nathan Walker            Roope Hintz              60     1   2  2  
 2 Christian Dvorak         Mathieu Joseph           40     1   2  2  

Penalty Kill 4 Players Defense
   Defense                  Defense                  Time % Phy DF OF 
 1 Mirco Mueller            Roman Josi               60     1   2  2  
 2 Ludwig Bystrom           Matthew Benning          40     1   2  2  

Penalty Kill - 3 Players Forward 
   Forward                                           Time % Phy DF OF 
 1 Nathan Walker                                     60     1   2  2  
 2 Roope Hintz                                       40     1   2  2  

Penalty Kill - 3 Players Defense
   Defense                  Defense                  Time % Phy DF OF 
 1 Mirco Mueller            Roman Josi               60     1   2  2  
 2 Ludwig Bystrom           Matthew Benning          40     1   2  2  

4 vs 4 Forward 
   Center                   Wing                     Time % Phy DF OF 
 1 Dylan Strome             Roope Hintz              60     1   2  2  
 2 Christian Dvorak         Nathan Walker            40     1   2  2  

4 vs 4 Defense
   Defense                  Defense                  Time % Phy DF OF 
 1 Mirco Mueller            Roman Josi               60     1   2  2  
 2 Ludwig Bystrom           Matthew Benning          40     1   2  2  

Last Minutes Offensive
   Center                   Left Wing                Right Wing               Defense                  Defense                  
   Dylan Strome             Roope Hintz              Nathan Walker            Mirco Mueller            Roman Josi               

Last Minutes Defensive
   Center                   Left Wing                Right Wing               Defense                  Defense                  
   Michael McLeod           Roope Hintz              Nathan Walker            Mirco Mueller            Roman Josi               

Goaltenders
Starting : Filip Gustavsson         
Backup : Brandon Halverson        

Extra Forwards
Normal : Roope Hintz, Christian Dvorak, Nathan Walker - PP : Nathan Walker, Michael McLeod - PK : Michael McLeod
Extra Defensemen
Normal : Nelson Nogier, Roman Josi, Josh Mahura - PP : Nelson Nogier - PK : Roman Josi, Josh Mahura
Penalty Shots
Nathan Walker, Roope Hintz, Christian Dvorak, Dylan Strome, Michael McLeod

Scratches
Vinni Lettieri (Healthy), Erik Cernak (Sports Hernia Injury), Juuso Valimaki (Back Surgery Injury), Lane MacDermid (Healthy), Urho Vaakanainen (Healthy)
Mitchell Stephens (Healthy), Jonathan Kovacevic (Healthy), Jonah Gadjovich (Healthy), Max Jones (Healthy), Nathan Bastian (Healthy)
William Bitten (Healthy), Tim Gettinger (Healthy), Joey Daccord (Healthy), Karel Vejmelka (Healthy), Daniel Vladar (Healthy)

Wolves

5 vs 5 Forward 
   Center                   Left Wing                Right Wing               Time % Phy DF OF 
 1 Jake Evans               Eric Robinson            Victor Olofsson          40     1   2  2  
 2 Antti Suomela            Hayden Hodgson           Thomas Spelling          30     1   2  2  
 3 Jesper Boqvist           Kieffer Bellows          Wade Allison             20     1   2  2  
 4 Liam O'Brien             Parker Kelly             Maksim Sushko            10     1   2  2  

5 vs 5 Defense 
   Defense                  Defense                                           Time % Phy DF OF 
 1 Anton Lindholm           Jalen Chatfield                                   40     1   2  2  
 2 Samuel Girard            Dylan Coghlan                                     30     1   2  2  
 3 Matthew Kiersted         Liam O'Brien                                      20     1   2  2  
 4 Anton Lindholm           Jalen Chatfield                                   10     1   2  2  

PowerPlay Forward 
   Center                   Left Wing                Right Wing               Time % Phy DF OF 
 1 Jake Evans               Eric Robinson            Victor Olofsson          60     1   2  2  
 2 Antti Suomela            Hayden Hodgson           Thomas Spelling          40     1   2  2  

PowerPlay Defense
   Defense                  Defense                                           Time % Phy DF OF 
 1 Anton Lindholm           Jalen Chatfield                                   60     1   2  2  
 2 Samuel Girard            Dylan Coghlan                                     40     1   2  2  

Penalty Kill 4 Players Forward 
   Center                   Wing                     Time % Phy DF OF 
 1 Victor Olofsson          Jake Evans               60     1   2  2  
 2 Thomas Spelling          Antti Suomela            40     1   2  2  

Penalty Kill 4 Players Defense
   Defense                  Defense                  Time % Phy DF OF 
 1 Anton Lindholm           Jalen Chatfield          60     1   2  2  
 2 Samuel Girard            Dylan Coghlan            40     1   2  2  

Penalty Kill - 3 Players Forward 
   Forward                                           Time % Phy DF OF 
 1 Victor Olofsson                                   60     1   2  2  
 2 Jake Evans                                        40     1   2  2  

Penalty Kill - 3 Players Defense
   Defense                  Defense                  Time % Phy DF OF 
 1 Anton Lindholm           Jalen Chatfield          60     1   2  2  
 2 Samuel Girard            Dylan Coghlan            40     1   2  2  

4 vs 4 Forward 
   Center                   Wing                     Time % Phy DF OF 
 1 Victor Olofsson          Jake Evans               60     1   2  2  
 2 Thomas Spelling          Antti Suomela            40     1   2  2  

4 vs 4 Defense
   Defense                  Defense                  Time % Phy DF OF 
 1 Anton Lindholm           Jalen Chatfield          60     1   2  2  
 2 Samuel Girard            Dylan Coghlan            40     1   2  2  

Last Minutes Offensive
   Center                   Left Wing                Right Wing               Defense                  Defense                  
   Jake Evans               Eric Robinson            Victor Olofsson          Anton Lindholm           Jalen Chatfield          

Last Minutes Defensive
   Center                   Left Wing                Right Wing               Defense                  Defense                  
   Jake Evans               Eric Robinson            Victor Olofsson          Anton Lindholm           Jalen Chatfield          

Goaltenders
Starting : Ebbe Siönäs              
Backup : Ukko-Pekka Luukkonen     

Extra Forwards
Normal : Sasha Chmelevski, Stelio Mattheos, Joona Koppanen - PP : Sasha Chmelevski, Stelio Mattheos - PK : Joona Koppanen
Extra Defensemen
Normal : Matthew Kiersted, Samuel Girard, Dylan Coghlan - PP : Matthew Kiersted - PK : Samuel Girard, Dylan Coghlan
Penalty Shots
Victor Olofsson, Jake Evans, Thomas Spelling, Antti Suomela, Eric Robinson

Scratches
Jakub Zboril (Healthy)

% Time on Ice - Moose

Lines # - Real PCT - Wanted PCT - Time Play
Normal Forward
1 - 36% - 40% - 19:54
2 - 26% - 30% - 14:12
3 - 22% - 20% - 12:01
4 - 16% - 10% - 8:39
Normal Defense
1 - 41% - 40% - 22:35
2 - 30% - 30% - 16:37
3 - 20% - 20% - 10:55
4 - 8% - 10% - 4:39
PP Forward
1 - 59% - 60% - 2:47
2 - 41% - 40% - 1:55
PP Defense
1 - 50% - 60% - 2:22
2 - 50% - 40% - 2:20
PK Forward
1 - 100% - 60% - 0:32
2 - 0% - 40% - 0:00
PK Defense
1 - 100% - 60% - 0:32
2 - 0% - 40% - 0:00
PK3 Forward
1 - 0% - 60%
2 - 0% - 40%
PK3 Defense
1 - 0% - 60%
2 - 0% - 40%
44 Forward
1 - 0% - 60%
2 - 0% - 40%
44 Defense
1 - 0% - 60%
2 - 0% - 40%
Last Minute Offensive  - 0:00
Last Minute Defensive  - 0:00
Total
Forward - 60:00
Defense - 60:00

% Time on Ice - Wolves

Lines # - Real PCT - Wanted PCT - Time Play
Normal Forward
1 - 36% - 40% - 19:44
2 - 26% - 30% - 14:24
3 - 23% - 20% - 12:32
4 - 15% - 10% - 8:06
Normal Defense
1 - 39% - 40% - 21:08
2 - 28% - 30% - 15:31
3 - 28% - 20% - 15:20
4 - 5% - 10% - 2:47
PP Forward
1 - 100% - 60% - 0:32
2 - 0% - 40% - 0:00
PP Defense
1 - 100% - 60% - 0:32
2 - 0% - 40% - 0:00
PK Forward
1 - 73% - 60% - 2:31
2 - 27% - 40% - 0:56
PK Defense
1 - 53% - 60% - 1:49
2 - 47% - 40% - 1:38
PK3 Forward
1 - 75% - 60% - 0:56
2 - 25% - 40% - 0:19
PK3 Defense
1 - 61% - 60% - 0:46
2 - 39% - 40% - 0:29
44 Forward
1 - 0% - 60%
2 - 0% - 40%
44 Defense
1 - 0% - 60%
2 - 0% - 40%
Last Minute Offensive  - 0:00
Last Minute Defensive  - 0:00
Total
Forward - 60:00
Defense - 60:00

Play-by-Play

1st period


0:01 of 1st period - Dylan Strome wins face-off versus Victor Olofsson in neutral zone.
0:18 of 1st period - Eric Robinson is hit by Nathan Walker and loses puck.
0:53 of 1st period - Michael McLeod is hit by Parker Kelly and loses puck.
1:42 of 1st period - Snap shot by Liam O'Brien.
1:42 of 1st period - Stopped by Filip Gustavsson with a rebound.
1:50 of 1st period - Christian Dvorak is hit by Liam O'Brien and loses puck.
2:12 of 1st period - Matthew Benning is hit by Liam O'Brien and loses puck.
2:35 of 1st period - Slapshot by Samuel Girard.
2:35 of 1st period - Stopped by Filip Gustavsson with a rebound.
2:53 of 1st period - Snap shot by Liam O'Brien.
2:53 of 1st period - Stopped by Filip Gustavsson with a rebound.
3:15 of 1st period - Wrist shot by Michael McLeod.
3:15 of 1st period - Stopped by Ebbe Siönäs without a rebound.
3:16 of 1st period - Dylan Strome wins face-off versus Jake Evans in Wolves zone.
3:21 of 1st period - Slapshot by Roope Hintz.
3:21 of 1st period - Stopped by Ebbe Siönäs with a rebound.
3:50 of 1st period - Josh Mahura is hit by Antti Suomela and loses puck.
4:07 of 1st period - Mirco Mueller is hit by Wade Allison and loses puck.
4:16 of 1st period - Kieffer Bellows is hit by Roman Josi and loses puck.
4:27 of 1st period - Josh Mahura is hit by Victor Olofsson and loses puck.
4:52 of 1st period - Eric Robinson is hit by C.J. Smith and loses puck.
5:48 of 1st period - Roman Josi is hit by Thomas Spelling and loses puck.
8:06 of 1st period - Icing by Dylan Coghlan.
8:07 of 1st period - Antti Suomela wins face-off versus Jake Leschyshyn in Wolves zone.
8:59 of 1st period - Matthew Benning is hit by Eric Robinson and loses puck.
10:32 of 1st period - Icing by Roman Josi.
10:33 of 1st period - Michael McLeod wins face-off versus Hayden Hodgson in Moose zone.
10:50 of 1st period - Nathan Walker is hit by Jalen Chatfield and loses puck.
10:55 of 1st period - Snap shot by Wade Allison.
10:55 of 1st period - Stopped by Filip Gustavsson without a rebound.
10:56 of 1st period - Jake Evans wins face-off versus Dylan Strome in Moose zone.
11:01 of 1st period - Wrist shot by Victor Olofsson.
11:01 of 1st period - Stopped by Filip Gustavsson with a rebound.
11:03 of 1st period - Wrist shot by Eric Robinson.
11:03 of 1st period - Goal by Eric Robinson - Moose : 0 - Wolves : 1.
11:04 of 1st period - Dylan Strome wins face-off versus Jake Evans in neutral zone.
11:09 of 1st period - Wrist shot by Roope Hintz.
11:09 of 1st period - Shot Misses the Net.
11:11 of 1st period - Wrist shot by Roope Hintz.
11:11 of 1st period - Shot Hit the Post.
11:13 of 1st period - Slapshot by Nelson Nogier.
11:13 of 1st period - Shot Blocked by Eric Robinson.
11:15 of 1st period - Snap shot by Dylan Strome.
11:15 of 1st period - Deflect By Roope Hintz.
11:15 of 1st period - Shot Misses the Net.
11:15 of 1st period - Puck is out of play.
11:16 of 1st period - Jake Evans wins face-off versus Dylan Strome in Wolves zone.
11:41 of 1st period - Hayden Hodgson is hit by Josh Mahura and loses puck.
12:26 of 1st period - Snap shot by Nick Merkley.
12:26 of 1st period - Shot Blocked by Eric Robinson.
12:44 of 1st period - Roope Hintz is hit by Anton Lindholm and loses puck.
14:11 of 1st period - Slapshot by Jalen Chatfield.
14:11 of 1st period - Shot Blocked by Josh Mahura.
14:13 of 1st period - Snap shot by Sasha Chmelevski.
14:13 of 1st period - Shot Blocked by Julien Gauthier.
14:15 of 1st period - Slapshot by Anton Lindholm.
14:15 of 1st period - Stopped by Filip Gustavsson with a rebound.
14:17 of 1st period - Slapshot by Sasha Chmelevski.
14:17 of 1st period - Stopped by Filip Gustavsson with a rebound.
14:29 of 1st period - Backhand shot by C.J. Smith.
14:29 of 1st period - Goal by C.J. Smith - Moose : 1 - Wolves : 1.
14:30 of 1st period - Jake Evans wins face-off versus Dylan Strome in neutral zone.
14:39 of 1st period - Wrist shot by Victor Olofsson.
14:39 of 1st period - Shot Misses the Net.
14:49 of 1st period - Matthew Kiersted is hit by Nathan Walker and loses puck.
15:02 of 1st period - Snap shot by Boris Katchouk.
15:02 of 1st period - Deflect By Chase De Leo.
15:02 of 1st period - Deflect By Victor Olofsson.
15:02 of 1st period - Shot Misses the Net.
15:02 of 1st period - Puck is out of play.
15:03 of 1st period - Antti Suomela wins face-off versus Chase De Leo in Wolves zone.
15:29 of 1st period - Nelson Nogier is hit by Anton Lindholm and loses puck.
15:36 of 1st period - Wrist shot by Jesper Boqvist.
15:36 of 1st period - Stopped by Filip Gustavsson without a rebound.
15:37 of 1st period - Jake Evans wins face-off versus Dylan Strome in Moose zone.
16:55 of 1st period - Snap shot by Roope Hintz.
16:55 of 1st period - Stopped by Ebbe Siönäs with a rebound.
17:09 of 1st period - Nelson Nogier is hit by Liam O'Brien.
17:47 of 1st period - Snap shot by Wade Allison.
17:47 of 1st period - Goal by Wade Allison - Moose : 1 - Wolves : 2.
17:48 of 1st period - Jake Evans wins face-off versus Dylan Strome in neutral zone.
17:53 of 1st period - Slapshot by Victor Olofsson.
17:53 of 1st period - Shot Blocked by Mirco Mueller.
18:22 of 1st period - Snap shot by Antti Suomela.
18:22 of 1st period - Stopped by Filip Gustavsson with a rebound.
18:38 of 1st period - Slapshot by Boris Katchouk.
18:38 of 1st period - Shot Misses the Net.
19:00 of 1st period - Wrist shot by Nathan Walker.
19:00 of 1st period - Shot Blocked by Liam O'Brien.
19:02 of 1st period - Slapshot by Roman Josi.
19:02 of 1st period - Shot Blocked by Samuel Girard.
19:04 of 1st period - Snap shot by Roope Hintz.
19:04 of 1st period - Shot Blocked by Dylan Coghlan.
19:06 of 1st period - Wrist shot by Nathan Walker.
19:06 of 1st period - Stopped by Ebbe Siönäs without a rebound.
19:07 of 1st period - Michael McLeod wins face-off versus Jake Evans in Wolves zone.
19:54 of 1st period - Wrist shot by Nick Merkley.
19:54 of 1st period - Shot Blocked by Matthew Kiersted.
19:56 of 1st period - Wrist shot by C.J. Smith.
19:56 of 1st period - Shot Blocked by Liam O'Brien.
19:58 of 1st period - Snap shot by Mirco Mueller.
19:58 of 1st period - Deflect By Nick Merkley.
19:58 of 1st period - Shot Misses the Net.
19:58 of 1st period - Puck is out of play.
19:59 of 1st period - C.J. Smith wins face-off versus Jake Evans in Wolves zone.
Goals for this period are 1 for Moose vs 2 for Wolves.
Shots for this period are 5 for Moose vs 11 for Wolves.

2nd period


0:01 of 2nd period - Dylan Strome wins face-off versus Jake Evans in neutral zone.
0:18 of 2nd period - Jalen Chatfield is hit by Ludwig Bystrom and loses puck.
1:39 of 2nd period - Slapshot by Victor Olofsson.
1:39 of 2nd period - Shot Misses the Net.
1:48 of 2nd period - Icing by Roman Josi.
1:49 of 2nd period - Hayden Hodgson wins face-off versus Jake Leschyshyn in Moose zone.
1:52 of 2nd period - Wrist shot by Thomas Spelling.
1:52 of 2nd period - Shot Misses the Net.
1:54 of 2nd period - Slapshot by Samuel Girard.
1:54 of 2nd period - Shot Blocked by Mirco Mueller.
1:56 of 2nd period - Slapshot by Hayden Hodgson.
1:56 of 2nd period - Shot Misses the Net.
1:58 of 2nd period - Slapshot by Dylan Coghlan.
1:58 of 2nd period - Shot Misses the Net.
2:00 of 2nd period - Wrist shot by Antti Suomela.
2:00 of 2nd period - Shot Misses the Net.
2:02 of 2nd period - Slapshot by Dylan Coghlan.
2:02 of 2nd period - Stopped by Filip Gustavsson without a rebound.
2:03 of 2nd period - Dylan Strome wins face-off versus Jake Evans in Moose zone.
2:12 of 2nd period - Wrist shot by Victor Olofsson.
2:12 of 2nd period - Deflect By Eric Robinson.
2:12 of 2nd period - Stopped by Filip Gustavsson without a rebound.
2:13 of 2nd period - Jake Evans wins face-off versus Dylan Strome in Moose zone.
2:34 of 2nd period - Wrist shot by Jake Evans.
2:34 of 2nd period - Stopped by Filip Gustavsson with a rebound.
2:36 of 2nd period - Wrist shot by Jake Evans.
2:36 of 2nd period - Stopped by Filip Gustavsson with a rebound.
2:38 of 2nd period - Slapshot by Eric Robinson.
2:38 of 2nd period - Stopped by Filip Gustavsson without a rebound.
2:39 of 2nd period - Antti Suomela wins face-off versus Michael McLeod in Moose zone.
3:35 of 2nd period - Snap shot by Eric Robinson.
3:35 of 2nd period - Stopped by Filip Gustavsson with a rebound.
3:51 of 2nd period - Wrist shot by C.J. Smith.
3:51 of 2nd period - Stopped by Ebbe Siönäs without a rebound.
3:52 of 2nd period - Nick Merkley wins face-off versus Eric Robinson in Wolves zone.
4:03 of 2nd period - Wrist shot by Victor Olofsson.
4:03 of 2nd period - Stopped by Filip Gustavsson with a rebound.
4:13 of 2nd period - Snap shot by C.J. Smith.
4:13 of 2nd period - Stopped by Ebbe Siönäs with a rebound.
4:15 of 2nd period - Slapshot by Matthew Benning.
4:15 of 2nd period - Stopped by Ebbe Siönäs with a rebound.
4:17 of 2nd period - Slapshot by Jake Leschyshyn.
4:17 of 2nd period - Shot Misses the Net.
4:19 of 2nd period - Slapshot by Nick Merkley.
4:19 of 2nd period - Stopped by Ebbe Siönäs with a rebound.
4:21 of 2nd period - Snap shot by C.J. Smith.
4:21 of 2nd period - Deflect By Nick Merkley.
4:21 of 2nd period - Goal by Nick Merkley - Moose : 2 - Wolves : 2.
4:22 of 2nd period - Dylan Strome wins face-off versus Jake Evans in neutral zone.
4:27 of 2nd period - Snap shot by Nathan Walker.
4:27 of 2nd period - Stopped by Ebbe Siönäs with a rebound.
4:29 of 2nd period - Wrist shot by Mirco Mueller.
4:29 of 2nd period - Deflect By Nathan Walker.
4:29 of 2nd period - Stopped by Ebbe Siönäs with a rebound.
4:31 of 2nd period - Snap shot by Nathan Walker.
4:31 of 2nd period - Stopped by Ebbe Siönäs without a rebound.
4:32 of 2nd period - Dylan Strome wins face-off versus Jake Evans in Wolves zone.
4:49 of 2nd period - Wrist shot by Roope Hintz.
4:49 of 2nd period - Stopped by Ebbe Siönäs with a rebound.
5:22 of 2nd period - Minor Penalty to Anton Lindholm for Holding.
5:23 of 2nd period - Victor Olofsson wins face-off versus Michael McLeod in Wolves zone.
5:39 of 2nd period - Wrist shot by Michael McLeod.
5:39 of 2nd period - Shot Misses the Net.
5:59 of 2nd period - Antti Suomela is hit by Mathieu Joseph and loses puck.
6:59 of 2nd period - Icing by Roman Josi.
7:00 of 2nd period - Jake Leschyshyn wins face-off versus Victor Olofsson in Moose zone.
7:05 of 2nd period - Snap shot by Nick Merkley.
7:05 of 2nd period - Shot Misses the Net.
7:07 of 2nd period - Wrist shot by Boris Katchouk.
7:07 of 2nd period - Shot Blocked by Matthew Kiersted.
7:09 of 2nd period - Snap shot by Boris Katchouk.
7:09 of 2nd period - Stopped by Ebbe Siönäs with a rebound.
7:11 of 2nd period - Slapshot by Roman Josi.
7:11 of 2nd period - Shot Blocked by Matthew Kiersted.
7:13 of 2nd period - Slapshot by Roman Josi.
7:13 of 2nd period - Shot Misses the Net.
7:22 of 2nd period - Penalty to Anton Lindholm is over, Anton Lindholm is back on ice.
7:53 of 2nd period - Wrist shot by Nick Merkley.
7:53 of 2nd period - Stopped by Ebbe Siönäs without a rebound.
7:54 of 2nd period - Jesper Boqvist wins face-off versus Michael McLeod in Wolves zone.
7:54 of 2nd period - Jesper Boqvist is hit by Mathieu Joseph.
8:00 of 2nd period - Slapshot by Mathieu Joseph.
8:00 of 2nd period - Shot Blocked by Samuel Girard.
8:20 of 2nd period - Samuel Girard is hit by Ludwig Bystrom and loses puck.
8:41 of 2nd period - Nelson Nogier is hit by Samuel Girard and loses puck.
9:02 of 2nd period - Wrist shot by Thomas Spelling.
9:02 of 2nd period - Shot Misses the Net.
10:05 of 2nd period - Snap shot by Roope Hintz.
10:05 of 2nd period - Stopped by Ebbe Siönäs with a rebound.
10:07 of 2nd period - Snap shot by Matthew Benning.
10:07 of 2nd period - Stopped by Ebbe Siönäs without a rebound.
10:08 of 2nd period - Michael McLeod wins face-off versus Antti Suomela in Wolves zone.
10:09 of 2nd period - Wrist shot by Christian Dvorak.
10:09 of 2nd period - Shot Misses the Net.
10:11 of 2nd period - Slapshot by Roman Josi.
10:11 of 2nd period - Stopped by Ebbe Siönäs with a rebound.
10:13 of 2nd period - Slapshot by Roman Josi.
10:13 of 2nd period - Deflect By Thomas Spelling.
10:13 of 2nd period - Stopped by Ebbe Siönäs without a rebound.
10:14 of 2nd period - Jake Evans wins face-off versus Michael McLeod in Wolves zone.
10:19 of 2nd period - Jake Evans is hit by Mirco Mueller and loses puck.
10:26 of 2nd period - Backhand shot by Dylan Coghlan.
10:26 of 2nd period - Shot Misses the Net.
10:30 of 2nd period - Wrist shot by Victor Olofsson.
10:30 of 2nd period - Stopped by Filip Gustavsson with a rebound.
10:39 of 2nd period - Off-side.
10:40 of 2nd period - Antti Suomela wins face-off versus Dylan Strome in neutral zone.
10:49 of 2nd period - Slapshot by Antti Suomela.
10:49 of 2nd period - Shot Misses the Net.
11:14 of 2nd period - Slapshot by Matthew Benning.
11:14 of 2nd period - Shot Misses the Net.
11:28 of 2nd period - Snap shot by Ludwig Bystrom.
11:28 of 2nd period - Shot Misses the Net.
11:46 of 2nd period - Antti Suomela is hit by Ludwig Bystrom and loses puck.
12:03 of 2nd period - Wrist shot by Victor Olofsson.
12:03 of 2nd period - Deflect By Roope Hintz.
12:03 of 2nd period - Shot Misses the Net.
12:03 of 2nd period - Puck is out of play.
12:04 of 2nd period - Dylan Strome wins face-off versus Jake Evans in Moose zone.
12:04 of 2nd period - Dylan Strome is hit by Jake Evans.
12:45 of 2nd period - Wrist shot by Jake Evans.
12:45 of 2nd period - Stopped by Filip Gustavsson without a rebound.
12:46 of 2nd period - Antti Suomela wins face-off versus Michael McLeod in Moose zone.
12:57 of 2nd period - Snap shot by Michael McLeod.
12:57 of 2nd period - Stopped by Ebbe Siönäs with a rebound.
13:44 of 2nd period - Off-side.
13:45 of 2nd period - Michael McLeod wins face-off versus Antti Suomela in neutral zone.
14:09 of 2nd period - Jesper Boqvist is hit by Roope Hintz and loses puck.
14:35 of 2nd period - Samuel Girard is hit by Nelson Nogier and loses puck.
14:54 of 2nd period - Wrist shot by Jake Leschyshyn.
14:54 of 2nd period - Stopped by Ebbe Siönäs without a rebound.
14:55 of 2nd period - Jake Evans wins face-off versus Jake Leschyshyn in Wolves zone.
15:00 of 2nd period - Slapshot by Jalen Chatfield.
15:00 of 2nd period - Stopped by Filip Gustavsson without a rebound.
15:01 of 2nd period - Jake Evans wins face-off versus Michael McLeod in Moose zone.
15:08 of 2nd period - Snap shot by Jake Evans.
15:08 of 2nd period - Deflect By Victor Olofsson.
15:08 of 2nd period - Shot Misses the Net.
15:08 of 2nd period - Puck is out of play.
15:09 of 2nd period - Michael McLeod wins face-off versus Jake Evans in Moose zone.
15:22 of 2nd period - Slapshot by Mathieu Joseph.
15:22 of 2nd period - Shot Blocked by Jake Evans.
16:03 of 2nd period - Snap shot by Nick Merkley.
16:03 of 2nd period - Stopped by Ebbe Siönäs with a rebound.
16:13 of 2nd period - Minor Penalty to Jesper Boqvist for Cross-checking.
16:14 of 2nd period - Nathan Walker wins face-off versus Victor Olofsson in Wolves zone.
16:23 of 2nd period - Victor Olofsson is hit by Ludwig Bystrom and loses puck.
16:57 of 2nd period - Minor Penalty to Thomas Spelling for Holding Stick.
16:58 of 2nd period - Michael McLeod wins face-off versus Victor Olofsson in Wolves zone.
17:08 of 2nd period - Wrist shot by Michael McLeod.
17:08 of 2nd period - Stopped by Ebbe Siönäs with a rebound.
17:10 of 2nd period - Slapshot by Mathieu Joseph.
17:10 of 2nd period - Deflect By Victor Olofsson.
17:10 of 2nd period - Stopped by Ebbe Siönäs without a rebound.
17:11 of 2nd period - Dylan Strome wins face-off versus Victor Olofsson in Wolves zone.
17:26 of 2nd period - Snap shot by Mirco Mueller.
17:26 of 2nd period - Stopped by Ebbe Siönäs with a rebound.
18:13 of 2nd period - Penalty to Jesper Boqvist is over, Jesper Boqvist is back on ice.
18:57 of 2nd period - Penalty to Thomas Spelling is over, Thomas Spelling is back on ice.
19:04 of 2nd period - Snap shot by Chase De Leo.
19:04 of 2nd period - Shot Blocked by Matthew Kiersted.
19:04 of 2nd period - Matthew Kiersted from Wolves is injured at 19:04 of 2nd period (Broken Right Foot Toe).
19:05 of 2nd period - Jake Evans wins face-off versus Roope Hintz in Wolves zone.
19:54 of 2nd period - Icing by Ludwig Bystrom.
19:55 of 2nd period - Chase De Leo wins face-off versus Jesper Boqvist in Moose zone.
Goals for this period are 1 for Moose vs 0 for Wolves.
Shots for this period are 21 for Moose vs 10 for Wolves.

3rd period


0:01 of 3rd period - Dylan Strome wins face-off versus Jake Evans in neutral zone.
0:12 of 3rd period - Snap shot by Dylan Strome.
0:12 of 3rd period - Stopped by Ebbe Siönäs with a rebound.
0:14 of 3rd period - Wrist shot by Roope Hintz.
0:14 of 3rd period - Stopped by Ebbe Siönäs with a rebound.
0:16 of 3rd period - Snap shot by Dylan Strome.
0:16 of 3rd period - Stopped by Ebbe Siönäs with a rebound.
0:26 of 3rd period - Roman Josi is hit by Jalen Chatfield and loses puck.
0:35 of 3rd period - Snap shot by Christian Dvorak.
0:35 of 3rd period - Stopped by Ebbe Siönäs with a rebound.
0:49 of 3rd period - Wrist shot by Wade Allison.
0:49 of 3rd period - Stopped by Filip Gustavsson without a rebound.
0:50 of 3rd period - Jesper Boqvist wins face-off versus Dylan Strome in Moose zone.
2:07 of 3rd period - Josh Mahura is hit by Parker Kelly and loses puck.
2:20 of 3rd period - Nathan Walker is hit by Kieffer Bellows and loses puck.
3:24 of 3rd period - Matthew Benning is hit by Jesper Boqvist.
3:32 of 3rd period - Slapshot by Wade Allison.
3:32 of 3rd period - Shot Misses the Net.
3:42 of 3rd period - C.J. Smith is hit by Dylan Coghlan and loses puck.
4:10 of 3rd period - Jalen Chatfield is hit by Roman Josi.
4:40 of 3rd period - Anton Lindholm is hit by Michael McLeod and loses puck.
5:14 of 3rd period - Julien Gauthier is hit by Dylan Coghlan and loses puck.
5:23 of 3rd period - Snap shot by Boris Katchouk.
5:23 of 3rd period - Shot Misses the Net.
5:25 of 3rd period - Snap shot by Julien Gauthier.
5:25 of 3rd period - Stopped by Ebbe Siönäs without a rebound.
5:26 of 3rd period - Jesper Boqvist wins face-off versus Dylan Strome in Wolves zone.
5:26 of 3rd period - Jesper Boqvist is hit by Josh Mahura.
5:58 of 3rd period - Wrist shot by Mathieu Joseph.
5:58 of 3rd period - Stopped by Ebbe Siönäs without a rebound.
5:59 of 3rd period - Jake Evans wins face-off versus Roope Hintz in Wolves zone.
6:26 of 3rd period - Slapshot by Michael McLeod.
6:26 of 3rd period - Stopped by Ebbe Siönäs with a rebound.
6:28 of 3rd period - Snap shot by Michael McLeod.
6:28 of 3rd period - Shot Blocked by Liam O'Brien.
6:30 of 3rd period - Wrist shot by Michael McLeod.
6:30 of 3rd period - Stopped by Ebbe Siönäs without a rebound.
6:31 of 3rd period - Michael McLeod wins face-off versus Victor Olofsson in Wolves zone.
7:21 of 3rd period - Snap shot by Julien Gauthier.
7:21 of 3rd period - Goal by Julien Gauthier - Moose : 3 - Wolves : 2.
7:22 of 3rd period - Dylan Strome wins face-off versus Jake Evans in neutral zone.
7:54 of 3rd period - Snap shot by Antti Suomela.
7:54 of 3rd period - Stopped by Filip Gustavsson with a rebound.
7:56 of 3rd period - Slapshot by Samuel Girard.
7:56 of 3rd period - Stopped by Filip Gustavsson without a rebound.
7:57 of 3rd period - Antti Suomela wins face-off versus Michael McLeod in Moose zone.
8:08 of 3rd period - Wrist shot by Antti Suomela.
8:08 of 3rd period - Stopped by Filip Gustavsson without a rebound.
8:09 of 3rd period - Dylan Strome wins face-off versus Jake Evans in Moose zone.
8:14 of 3rd period - Snap shot by Dylan Strome.
8:14 of 3rd period - Stopped by Ebbe Siönäs without a rebound.
8:15 of 3rd period - Jake Evans wins face-off versus Dylan Strome in Wolves zone.
8:20 of 3rd period - Wrist shot by Nathan Walker.
8:20 of 3rd period - Stopped by Ebbe Siönäs without a rebound.
8:21 of 3rd period - Dylan Strome wins face-off versus Jake Evans in Wolves zone.
8:28 of 3rd period - Wrist shot by Roope Hintz.
8:28 of 3rd period - Stopped by Ebbe Siönäs with a rebound.
8:30 of 3rd period - Slapshot by Mirco Mueller.
8:30 of 3rd period - Deflect By Jake Evans.
8:30 of 3rd period - Stopped by Ebbe Siönäs with a rebound.
8:32 of 3rd period - Snap shot by Roman Josi.
8:32 of 3rd period - Stopped by Ebbe Siönäs with a rebound.
8:46 of 3rd period - Roman Josi is hit by Antti Suomela and loses puck.
9:05 of 3rd period - Backhand shot by Jesper Boqvist.
9:05 of 3rd period - Stopped by Filip Gustavsson with a rebound.
9:13 of 3rd period - Anton Lindholm is hit by Boris Katchouk and loses puck.
9:26 of 3rd period - Wrist shot by Josh Mahura.
9:26 of 3rd period - Stopped by Ebbe Siönäs without a rebound.
9:27 of 3rd period - Liam O'Brien wins face-off versus Nick Merkley in Wolves zone.
9:27 of 3rd period - Liam O'Brien is hit by Nick Merkley.
9:51 of 3rd period - Parker Kelly is hit by C.J. Smith and loses puck.
10:22 of 3rd period - Anton Lindholm is hit by Matthew Benning and loses puck.
11:15 of 3rd period - Slapshot by Dylan Coghlan.
11:15 of 3rd period - Stopped by Filip Gustavsson without a rebound.
11:16 of 3rd period - Jake Evans wins face-off versus Dylan Strome in Moose zone.
11:29 of 3rd period - Roope Hintz is hit by Anton Lindholm and loses puck.
13:36 of 3rd period - Mirco Mueller is hit by Victor Olofsson and loses puck.
13:53 of 3rd period - Dylan Coghlan is hit by Roope Hintz.
14:14 of 3rd period - Icing by Dylan Coghlan.
14:15 of 3rd period - Antti Suomela wins face-off versus Chase De Leo in Wolves zone.
14:33 of 3rd period - Snap shot by Kieffer Bellows.
14:33 of 3rd period - Shot Blocked by Michael McLeod.
14:35 of 3rd period - Wrist shot by Kieffer Bellows.
14:35 of 3rd period - Shot Misses the Net.
14:37 of 3rd period - Snap shot by Jesper Boqvist.
14:37 of 3rd period - Stopped by Filip Gustavsson without a rebound.
14:38 of 3rd period - Jake Evans wins face-off versus Christian Dvorak in Moose zone.
14:39 of 3rd period - Wrist shot by Victor Olofsson.
14:39 of 3rd period - Shot Blocked by Mirco Mueller.
14:41 of 3rd period - Slapshot by Eric Robinson.
14:41 of 3rd period - Stopped by Filip Gustavsson without a rebound.
14:42 of 3rd period - Victor Olofsson wins face-off versus Dylan Strome in Moose zone.
15:15 of 3rd period - Hayden Hodgson is hit by Roman Josi and loses puck.
15:50 of 3rd period - Snap shot by Nathan Walker.
15:50 of 3rd period - Shot Misses the Net.
15:52 of 3rd period - Snap shot by Nelson Nogier.
15:52 of 3rd period - Stopped by Ebbe Siönäs with a rebound.
15:54 of 3rd period - Wrist shot by Dylan Strome.
15:54 of 3rd period - Shot Blocked by Samuel Girard.
15:56 of 3rd period - Snap shot by Nathan Walker.
15:56 of 3rd period - Goal by Nathan Walker - Moose : 4 - Wolves : 2.
15:57 of 3rd period - Jake Evans wins face-off versus Dylan Strome in neutral zone.
16:08 of 3rd period - Snap shot by Victor Olofsson.
16:08 of 3rd period - Shot Blocked by Mirco Mueller.
16:18 of 3rd period - Minor Penalty to Nathan Walker for Hooking.
16:19 of 3rd period - Jake Evans wins face-off versus Michael McLeod in Moose zone.
16:20 of 3rd period - Wrist shot by Victor Olofsson.
16:20 of 3rd period - Shot Misses the Net.
16:28 of 3rd period - Slapshot by Jake Evans.
16:28 of 3rd period - Stopped by Filip Gustavsson without a rebound.
16:29 of 3rd period - Jake Evans wins face-off versus Michael McLeod in Moose zone.
16:50 of 3rd period - Snap shot by Jake Evans.
16:50 of 3rd period - Goal by Jake Evans - Moose : 4 - Wolves : 3.
16:51 of 3rd period - Dylan Strome wins face-off versus Eric Robinson in neutral zone.
17:03 of 3rd period - Jake Evans is hit by Mirco Mueller.
17:06 of 3rd period - Off-side.
17:07 of 3rd period - Chase De Leo wins face-off versus Jesper Boqvist in neutral zone.
17:33 of 3rd period - Jalen Chatfield is hit by Roman Josi and loses puck.
17:40 of 3rd period - Snap shot by Michael McLeod.
17:40 of 3rd period - Shot Blocked by Jalen Chatfield.
17:46 of 3rd period - Snap shot by Michael McLeod.
17:46 of 3rd period - Stopped by Ebbe Siönäs with a rebound.
17:56 of 3rd period - Slapshot by Wade Allison.
17:56 of 3rd period - Shot Blocked by Ludwig Bystrom.
17:58 of 3rd period - Slapshot by Anton Lindholm.
17:58 of 3rd period - Stopped by Filip Gustavsson without a rebound.
17:59 of 3rd period - Jake Evans wins face-off versus Dylan Strome in Moose zone.
18:04 of 3rd period - Snap shot by Jake Evans.
18:04 of 3rd period - Shot Misses the Net.
18:06 of 3rd period - Slapshot by Samuel Girard.
18:06 of 3rd period - Shot Misses the Net.
18:08 of 3rd period - Wrist shot by Jake Evans.
18:08 of 3rd period - Stopped by Filip Gustavsson with a rebound.
18:34 of 3rd period - Slapshot by Chase De Leo.
18:34 of 3rd period - Stopped by Ebbe Siönäs with a rebound.
18:36 of 3rd period - Snap shot by Roman Josi.
18:36 of 3rd period - Deflect By Boris Katchouk.
18:36 of 3rd period - Stopped by Ebbe Siönäs with a rebound.
18:38 of 3rd period - Slapshot by Julien Gauthier.
18:38 of 3rd period - Moose goal is going for a video replay.
18:38 of 3rd period - The goal is good.
18:38 of 3rd period - Goal by Julien Gauthier - Moose : 5 - Wolves : 3.
18:39 of 3rd period - Chase De Leo wins face-off versus Eric Robinson in neutral zone.
19:04 of 3rd period - Anton Lindholm is hit by Dylan Strome.
19:30 of 3rd period - Wrist shot by Jake Evans.
19:30 of 3rd period - Deflect By Eric Robinson.
19:30 of 3rd period - Shot Misses the Net.
19:30 of 3rd period - Puck is out of play.
19:31 of 3rd period - Jake Evans wins face-off versus Roope Hintz in Moose zone.
19:32 of 3rd period - Slapshot by Victor Olofsson.
19:32 of 3rd period - Shot Blocked by Mirco Mueller.
19:56 of 3rd period - Dylan Coghlan is hit by Boris Katchouk and loses puck.
Goals for this period are 3 for Moose vs 1 for Wolves.
Shots for this period are 21 for Moose vs 12 for Wolves.